 Dungeon Crawl Stone Soup version 0.28-a0-1212-gc6b4282bc0 (webtiles) character file.

Game seed: 9735283754855866592

71 Fortus the Slasher (level 4, -4/35 HPs)
             Began as a Formicid Fighter on Dec 21, 2021.
             Slain by Terence (9 damage)
             ... on level 2 of the Dungeon.
             The game lasted 00:02:45 (1758 turns).

Fortus the Slasher (Formicid Fighter)               Turns: 1758, Time: 00:02:46

Health: -4/35      AC:  8    Str: 22    XL:     4   Next: 47%
Magic:  4/4        EV:  9    Int:  8    God:
Gold:   96         SH:  4    Dex: 10    Spells: 3/3 levels left

rFire   . . .      SeeInvis +   a - +0 long sword
rCold   . . .      Faith    .   c - +0 buckler
rNeg    . . .      Spirit   .   b - +0 scale mail
rPois   .          Reflect  .   (helmet unavailable)
rElec   .          Harm     .   (no cloak)
rCorr   .          Rampage  .   (no gloves)
Will    .....                   i - +0 pair of boots
Stlth   ..........              (no amulet)
HPRegen 0.11/turn               (no ring)
MPRegen 0.09/turn               (no ring)

@: no status effects
A: permanent stasis, dig shafts and tunnels, antennae 3, four strong arms
a: Dig, Shaft Self


You were on level 2 of the Dungeon.
You visited 1 branch of the dungeon, and saw 2 of its levels.

You collected 96 gold pieces.

Inventory:

Hand Weapons
 a - a +0 long sword (weapon)
Armour
 b - a +0 scale mail (worn)
 c - a +0 buckler (worn)
 i - a +0 pair of boots (worn)
Scrolls
 f - a scroll of identify {unknown}
Potions
 d - a potion of might
 e - a potion of degeneration {unknown}
 g - a potion of curing {unknown}
 h - a potion of ambrosia {unknown}
 j - a potion of lignification {unknown}


   Skills:
 - Level 3.2 Fighting
 * Level 4.4 Long Blades
 - Level 3.2 Armour
 - Level 3.6 Shields


You had 3 spell levels left.
You didn't know any spells.
Your spell library contained the following spells:

 Spells                   Type           Power      Damage    Failure   Level
 Manifold Assault         Tloc           0%         N/A       100%        5
 Storm Form               Tmut/Air       0%         N/A       100%        7
 Blink                    Tloc           Unusable   N/A       N/A         2

Dungeon Overview and Level Annotations

Branches:
Dungeon (2/15)

Altars:

Annotations:
D:2 1 runed translucent door, Crazy Yiuf, Terence


Innate Abilities, Weirdness & Mutations

You cannot be hasted, slowed, berserked, paralysed or teleported.
You can dig through walls and to a lower floor.
You have a pair of large antennae on your head. (SInv)
Your four strong arms can wield two-handed weapons with a shield.


Message History

No target in view!
No target in view!
No target in view!
No target in view!
No target in view!
You now have 96 gold pieces (gained 12).
You sense a monster nearby.
Found a war axe.
You extend your mandibles.
You dig through the rock wall.
You dig through the rock wall.
An endoplasm and Terence come into view.
Terence is wielding a +0 flail and carrying a wand of flame (14).
Found a stone staircase leading down.
Terence shouts!
The endoplasm quivers.
You hear a bark! x3
Terence zaps a wand.
The puff of flame hits you.
You retract your mandibles.
You hit Terence but do no damage.
Terence drinks a potion.
Terence seems to speed up.
Terence says, "You're history."
Terence hits you with a +0 flail.
You hit Terence.
Terence is lightly wounded.
Terence barely misses you.
You hit Terence.
Terence is moderately wounded.
Terence hits you with a +0 flail. x2
A jackal comes into view.
You barely miss Terence.
Terence is moderately wounded.
Terence zaps a wand.
The puff of flame hits you! Terence closely misses you.
You hit Terence.
Terence is heavily wounded.
Terence says, "Rest in peace."
Terence hits you with a +0 flail!
* * * LOW HITPOINT WARNING * * *
Terence hits you with a +0 flail!
You die...

#.##... # #### #...
##### #.## #...##
.##.## #....{
#...... ####..h# {
..##.## #....J@## {
#.##.##
#.#####@####### #.#
... ##......# #.#
### #.####.####.##
#.##.........#
......#.###...#
......#.###...####
...... ..##....##..
#.......#.##........
#.......#.##.##.##.>


You could see Terence (fast), an endoplasm and a jackal.

Vanquished Creatures
  An adder (D:2)
  2 worms (D:2)
  3 dart slugs
  An orc (D:2)
  4 endoplasms (D:1)
  2 giant cockroaches (D:1)
  7 goblins
  5 hobgoblins
  5 kobolds
  2 quokkas (D:1)
  6 ball pythons
  5 bats
  3 frilled lizards (D:1)
  2 rats (D:1)
48 creatures vanquished.

Notes
Turn   | Place    | Note
-------+----------+-------------------------------------------
     0 | D:1      | Fortus the Formicid Fighter began the quest for the Orb.
     0 | D:1      | Reached XP level 1. HP: 18/18 MP: 1/1
    45 | D:1      | Reached XP level 2. HP: 15/24 MP: 2/2
   437 | D:1      | Reached skill level 3 in Long Blades
   658 | D:1      | Reached XP level 3. HP: 29/29 MP: 3/3
  1196 | D:2      | Found a runed translucent door.
  1197 | D:2      | Noticed Crazy Yiuf
  1427 | D:2      | Reached skill level 4 in Long Blades
  1427 | D:2      | Reached XP level 4. HP: 35/35 MP: 4/4
  1751 | D:2      | Noticed Terence
  1758 | D:2      | Slain by Terence

Illustrated notes

Levels and vault maps discovered:
D:1:      shiori_shiawase, layout_loops_ring
D:2:      layout_loops_cross, hellmonk_ecumenical_altar_dog_temple,
          uniq_terence, uniq_crazy_yiuf_cottage

Skill      XL: |  1  2  3 |
---------------+----------+-----
Long Blades    | 3 4 |  4.4
Fighting       | |  3.2
Armour         | |  3.2
Shields        | |  3.6

Action                   |  1- 3 |  4- 6 || total
-------------------------+-------+-------++-------
Melee: Long sword        |   107 |    34 ||   141
 Abil: Dig               |     1 |     2 ||     3
Armor: Scale mail        |    52 |     8 ||    60
Dodge: Dodged            |    40 |    13 ||    53
Block: Buckler           |    20 |     4 ||    24

Table legend: (Time is in decaauts)
 A = Elapsed time spent in this place.
 B = Non-inter-level travel time spent in this place.
 C = Inter-level travel time spent in this place.
 D = Time resting spent in this place.
 E = Time spent auto-exploring this place.
 F = Levels seen in this place.
 G = Mean time per level.
                   A        B        C        D        E       F      G
               +--------+--------+--------+--------+--------+-----+--------+
         Total |   1791 |   1787 |      4 |    100 |   1291 |   2 |  895.5 |
       Dungeon |   1791 |   1787 |      4 |    100 |   1291 |   2 |  895.5 |
               +--------+--------+--------+--------+--------+-----+--------+

Top non-repeatable levels by time:
     D:1: 1078 daAuts
     D:2: 712 daAuts
